 Dungeon Crawl Stone Soup version 0.21-a0-338-g36cf2fc (webtiles) character file.

1159 EvilAshe the Ruffian (level 8, -8/79 HPs)
             Began as a Troll Fighter on Oct 4, 2017.
             Mangled by a red ugly thing (19 damage)
             ... on level 5 of the Dungeon.
             The game lasted 00:14:24 (4781 turns).

EvilAshe the Ruffian (Troll Fighter)                Turns: 4781, Time: 00:14:24

Health: -8/79      AC:  5    Str: 32    XL:     8   Next: 16%
Magic:  7/7        EV:  9    Int:  4    God:
Gold:   317        SH: 15    Dex:  9    Spells: 7/7 levels left

rFire    . . .     SeeInvis .     - Unarmed
rCold    + . .     Gourm    +   B - +2 shield
rNeg     . . .     Faith    .   a - +0 robe
rPois    .         Spirit   .   (helmet restricted)
rElec    .         Reflect  +   (no cloak)
rCorr    .         Harm     .   (gloves unavailable)
MR       .....                  (boots unavailable)
Stlth    +.........             z - +3 amulet of reflection
HPRegen  0.63/turn              o - ring of protection from cold
MPRegen  0.10/turn              (no ring)

@: mighty
A: unfitting armour, claws 3, fast metabolism 3, gourmand, regeneration 1,
shaggy fur 1, tough skin 2
a: no special abilities


You were on level 5 of the Dungeon.
You were completely stuffed.

You visited 1 branch of the dungeon, and saw 6 of its levels.

You collected 317 gold pieces.

Inventory:

Hand Weapons
 b - a +0 blowgun
Missiles
 m - 14 curare-tipped needles
 q - 236 stones (quivered)
Armour
 a - a +0 robe (worn)
 B - a +2 shield (worn)
Jewellery
 o - a ring of protection from cold (left claw)
 p - an uncursed ring of ice
 z - a +3 amulet of reflection (around neck)
Wands
 g - a wand of paralysis (6/24)
 v - a wand of iceblast (3/15)
Scrolls
 f - 7 scrolls of teleportation
 h - 2 scrolls of fog
 j - a scroll of immolation {unknown}
 k - 4 scrolls of remove curse
 t - 2 scrolls of identify
 u - a scroll of enchant armour {unknown}
 x - a scroll of amnesia {unknown}
 y - a scroll of random uselessness {unknown}
Potions
 e - a potion of curing
 s - 4 potions of heal wounds
 w - 3 potions of ambrosia
Comestibles
 d - 5 bread rations
 l - 2 meat rations
 n - 2 royal jellies
 r - 6 fruits


   Skills:
 + Level 4.7 Fighting
 - Level 2.4 Dodging
 + Level 4.7 Shields
 * Level 7.1 Unarmed Combat


You had 7 spell levels left.
You didn't know any spells.

Dungeon Overview and Level Annotations

Branches:
Dungeon (6/15)
 Temple: D:4-7

Altars:
Makhleb

Shops:
D:5 [


Innate Abilities, Weirdness & Mutations

You are too large for most types of armour.
You have claws for hands.
Your metabolism is lightning-fast.
You like to eat raw meat.
Your natural rate of healing is unusually fast.
You are covered in fur. (AC +1)
You have very tough skin. (AC +2)


Message History

The red ugly thing is heavily wounded.
The red ugly thing headbutts you!
You are engulfed in flames!
You scratch the red ugly thing.
The red ugly thing is heavily wounded.
The red ugly thing headbutts you!
You are engulfed in flames!
You are too injured to fight recklessly!
You are too injured to fight recklessly!
You scratch the red ugly thing but do no damage.
The red ugly thing is heavily wounded.
The red ugly thing closely misses you.
You closely miss the red ugly thing.
The red ugly thing is heavily wounded.
The red ugly thing headbutts you.
You are engulfed in flames!
* * * LOW HITPOINT WARNING * * *
Sorry, you're not good enough to have a special ability.
You feel very mighty all of a sudden. The red ugly thing headbutts you!
* * * LOW HITPOINT WARNING * * *
You are engulfed in flames!!
You die...

#...#......#####'######+
#...#####.........####..
#.......#.........#..#..
#.......#.........#..#..
#.......#.........#..+..
#.......#.........#..#..
#######'##.........##'#..
#........u.##'#..........
#.......@..#..#..........
#..........#..'..........
#..........#..#..........
#..........#..#..........
#######†####..#....##'##.
#......#.....#....#...#.
#......#.....#....#...#.
#......#.....#....#)..#.
#####..####..#.....)..#.


You could see a red ugly thing.

Vanquished Creatures
  A sky beast (D:5)
  A phantom (D:4)
  An ogre (D:5)
  A water moccasin skeleton (D:5)
  A scorpion (D:4)
  A howler monkey (D:5)
  A bullfrog zombie (D:5)
  2 hounds
  3 orc priests
  Ijyb (D:4)
  An iguana (D:4)
  9 orc wizards
  A worker ant (D:4)
  4 gnolls (D:5)
  A worker ant zombie (D:5)
  8 adders
  A shadow imp (D:5)
  3 oozes
  An adder skeleton (D:4)
  4 worms
  3 dart slugs
  A leopard gecko (D:1)
  23 orcs
  9 bats
  3 giant cockroaches (D:3)
  7 goblins
  8 hobgoblins
  2 jackals (D:1)
  2 quokkas
  3 ball pythons
  7 frilled lizards
  8 kobolds
  8 rats
130 creatures vanquished.

Notes
Turn   | Place    | Note
-------+----------+-------------------------------------------
     0 | D:1      | EvilAshe the Troll Fighter began the quest for the Orb.
     0 | D:1      | Reached XP level 1. HP: 22/22 MP: 0/0
   106 | D:1      | Reached XP level 2. HP: 29/29 MP: 1/1
   430 | D:1      | Reached XP level 3. HP: 29/36 MP: 2/2
   779 | D:1      | Reached skill level 3 in Unarmed Combat
  1208 | D:2      | Reached XP level 4. HP: 36/44 MP: 3/3
  1470 | D:2      | Found a burning altar of Makhleb.
  1767 | D:2      | Reached skill level 4 in Unarmed Combat
  1767 | D:2      | Reached XP level 5. HP: 48/53 MP: 4/4
  1860 | D:2      | You fall through a shaft!
  2654 | D:4      | Noticed a phantom
  2707 | D:4      | Killed a phantom
  2707 | D:4      | Reached XP level 6. HP: 61/61 MP: 5/5
  2879 | D:4      | Reached skill level 5 in Unarmed Combat
  3523 | D:4      | Noticed Ijyb
  3536 | D:4      | Killed Ijyb
  3536 | D:4      | Reached XP level 7. HP: 62/68 MP: 6/6
  3823 | D:4      | Reached skill level 6 in Unarmed Combat
  3931 | D:5      | Entered Level 5 of the Dungeon
  4552 | D:5      | Found Yggaimnu's Antique Armour Emporium.
  4583 | D:5      | Reached XP level 8. HP: 65/79 MP: 7/7
  4597 | D:5      | Reached skill level 7 in Unarmed Combat
  4761 | D:6      | Noticed a green ugly thing
  4762 | D:6      | Noticed a red ugly thing
  4781 | D:5      | Mangled by a red ugly thing

Vault maps used:
D:1:      giann_horns, minmay_tall_x
D:2:      first_bread, minivault_24, bloody_makhleb
D:3:      corexii_item_surrounded_by_moat
D:4:      uniq_ijyb
D:5:      serial_shops, shop, kennysheep_generic_room_13
D:6:      minmay_cornered_nines

Skill      XL: |  1  2  3  4  5  6  7  8 |
---------------+-------------------------+-----
Unarmed Combat | 3 4 5 6 7 |  7.1
Shields        | 3 4 |  4.7
Fighting       | 3 4 |  4.7
Dodging        | |  2.4

Action                   |  1- 3 |  4- 6 |  7- 9 || total
-------------------------+-------+-------+-------++-------
Melee: Unarmed           |   142 |   190 |   122 ||   454
Throw: Stone             |       |    54 |    10 ||    64
Evoke: Wand              |       |       |     2 ||     2
  Use: Scroll            |       |     5 |     2 ||     7
       Potion            |       |       |     1 ||     1
 Stab: Sleeping          |       |     2 |       ||     2
  Eat: Chunk             |    17 |    21 |    12 ||    50
Armor: Robe              |    53 |    34 |    21 ||   108
Dodge: Dodged            |    31 |    42 |    20 ||    93
Block: Shield            |    62 |    66 |    44 ||   172

Table legend:
 A = Spawn XP
 B = Non-spawn XP
 C = Spawn XP percentage of total XP
 D = Spawn monster count
 E = Non-spawn monster count
 F = Spawn count percentage of total count
 G = Total turns spent on level
                    A         B        C        D         E        F      G
               +---------+---------+-------+---------+---------+-------+---------
         Total |       0 |    1657 |   0.0 |       0 |     130 |   0.0 |  4781
               +---------+---------+-------+---------+---------+-------+---------
           D:1 |       0 |      53 |   0.0 |       0 |      30 |   0.0 |   840
           D:2 |       0 |     199 |   0.0 |       0 |      26 |   0.0 |  1128
           D:3 |       0 |     115 |   0.0 |       0 |      21 |   0.0 |   736
           D:4 |       0 |     647 |   0.0 |       0 |      27 |   0.0 |  1227
           D:5 |       0 |     630 |   0.0 |       0 |      25 |   0.0 |   796
           D:6 |       0 |      13 |   0.0 |       0 |       1 |   0.0 |    54
               +---------+---------+-------+---------+---------+-------+---------
